Map: Ley Lines

Players

Twentykarant

  • Race: Zerg Zerg
  • League: Gold
  • Spawn Location: 1:00

Xinin - Winner!

  • Race: Protoss Protoss
  • League: Master
  • Spawn Location: 7:00

VOD

Have the link to the VOD?

Description

Time

  • Played on: Aug. 12, 2025, 4:29 p.m.
  • Length: 2:21
Show
View Real Time Build Order
Export as new Build Order

Twentykarant Zerg 

Build Orders:  

Get SALT Encoding   

  12  0:26  Hatchery  
  11  0:30  Drone  
  11  0:33  Drone  
  13  0:38  Drone  
  14  0:46  Overlord  
  14  0:55  Extractor  
  13  1:00  Drone  
  14  1:15  Drone x2  
Show
View Real Time Build Order
Export as new Build Order

Xinin Protoss - Winner!

Build Orders:  

Get SALT Encoding   

  12  0:00  Probe  
  13  0:12  Probe  
  14  0:21  Pylon  
  14  0:27  Probe  
  15  0:40  Forge  
  15  0:43  Pylon  
  15  0:44  Probe  
  16  0:52  Probe  
  17  1:03  Pylon  
  17  1:12  Probe  
  18  1:20  Probe  
  18  1:23  Photon Cannon  
  19  1:25  Pylon  
  19  1:32  Pylon  
  19  1:43  Photon Cannon  
Tags
 
Matchup
PvZ
Spawn Locations
Cross Positions
Add a new tag
Caveats
  • Supply blocks, unpowered buildings, or Contaminate may cause inaccurate times.
  • Supply counts are checked every 10 seconds.